 Dungeon Crawl Stone Soup version 0.20-a0-336-g7b05759 (webtiles) character file.

1641 Da5id the Cleaver (level 8, -12/71 HPs)
             Began as a Minotaur Fighter on Dec 21, 2016.
             Was a Follower of Makhleb.
             Mangled by a white ugly thing (35 damage)
             ... on level 7 of the Dungeon.
             The game lasted 00:06:46 (7145 turns).

Da5id the Cleaver (Minotaur Fighter)                Turns: 7145, Time: 00:06:46

Health: -12/71     AC: 14    Str: 28    XL:     8   Next: 66%
Magic:  7/7        EV:  5    Int:  5    God:    Makhleb [*.....]
Gold:   343        SH: 10    Dex: 10    Spells: 7/7 levels left

rFire  . . .     SeeInvis .     a - +0 war axe
rCold  . . .     Gourm    +     i - +0 plate armour
rNeg   + . .     Faith    .     c - +0 shield
rPois  .         Spirit   .     (helmet restricted)
rElec  .         Reflect  .     (no cloak)
rCorr  .         Harm     .     (no gloves)
MR     .....                    L - +0 pair of boots
Stlth  ..........               H - amulet of the gourmand
                                (no ring)
                                o - ring of positive energy

@: mighty
A: retaliatory headbutt, horns 2
a: Renounce Religion


You were on level 7 of the Dungeon.
You worshipped Makhleb.
Makhleb was aware of your devotion.
You were completely stuffed.

You visited 1 branch of the dungeon, and saw 7 of its levels.

You collected 343 gold pieces.

Inventory:

Hand Weapons
 a - a +0 war axe (weapon)
 r - a +0 blowgun
 B - a +0 morningstar of holy wrath
Missiles
 p - 5 javelins (quivered)
 s - 40 poisoned needles
Armour
 c - a +0 shield (worn)
 i - a +0 plate armour (worn)
 L - a +0 pair of boots (worn)
Jewellery
 n - an uncursed amulet of faith {unknown}
 o - a ring of positive energy (left hand)
 t - an uncursed ring of fire
 H - an amulet of the gourmand (around neck)
Wands
 E - a wand of acid (3/15)
 K - a wand of disintegration (15/24)
Scrolls
 h - a scroll of fog {unknown}
 y - 2 scrolls of remove curse
 z - a scroll of enchant weapon {unknown}
 C - a scroll of immolation {unknown}
 D - 5 scrolls of identify {unknown}
 F - 2 scrolls of recharging {unknown}
 G - a scroll of random uselessness {unknown}
 M - 2 scrolls of teleportation
 N - a scroll of magic mapping {unknown}
 P - a scroll of acquirement {unknown}
 Q - a scroll of vulnerability {unknown}
Potions
 d - a potion of might
 e - a potion of mutation {unknown}
 g - a potion of curing {unknown}
 j - 3 potions of heal wounds {unknown}
 l - a potion of ambrosia {unknown}
 m - 2 potions of flight {unknown}
 q - 2 potions of lignification {unknown}
 u - 3 potions of agility {unknown}
 v - 2 potions of haste {unknown}
 x - a potion of magic {unknown}
 I - a potion of degeneration {unknown}
 J - 3 potions of brilliance {unknown}
 O - a potion of cure mutation {unknown}
Books
 b - a book of Changes

   Spells                             Type                      Level
   a - Beastly Appendage              Transmutation                1
   b - Sticks to Snakes               Transmutation                2
   c - Spider Form                    Transmutation/Poison         3
   d - Ice Form                       Ice/Transmutation            4
   e - Blade Hands                    Transmutation                5
Comestibles
 f - 2 bread rations
 k - 2 meat rations
 w - 8 fruits
 A - a slice of pizza
 R - 8 chunks of flesh


   Skills:
 + Level 6.5 Fighting
 + Level 9.4 Axes
 + Level 4.4 Throwing
 + Level 6.7 Armour
 - Level 3.6 Shields


You had 7 spell levels left.
You didn't know any spells.

Dungeon Overview and Level Annotations

Branches:
Dungeon (7/15)             Temple (0/1) D:4

Altars:
Ashenzari
Makhleb
Okawaru
Ru
Xom
The Shining One


Innate Abilities, Weirdness & Mutations

You reflexively headbutt those who attack you in melee.
You have a pair of horns on your head.


Message History

You hit the white ugly thing.
The white ugly thing is heavily wounded.
The white ugly thing bites you but does no damage. x2
You slash the white ugly thing!
Your headbutt misses the white ugly thing.
The white ugly thing is severely wounded.
The white ugly thing bites you. The white ugly thing freezes you!!
You closely miss the white ugly thing.
Your headbutt misses the white ugly thing.
The white ugly thing is severely wounded.
You block the white ugly thing's attack.
You closely miss the white ugly thing.
Your headbutt misses the white ugly thing.
The white ugly thing is severely wounded.
The white ugly thing completely misses you.
You furiously retaliate!
You headbutt the white ugly thing! You slash the white ugly thing!
The white ugly thing is almost dead.
The white ugly thing bites you. The white ugly thing freezes you!!
You die...

#.###.# #...... ###
##.....## ######.##
##.......## ##.......##
#.........####.........#
#...<........'.........'
#.....u...# #.........#
#....@..# #.......##
##.....## ##.....##
##...## ##...## ##.##
##'## #.# #.# #.#
#######.#### #.#
#..........## #.#
#.####...#... #.#
#..##.......#


You could see a white ugly thing.

Vanquished Creatures
  An orc warrior (D:7)
  2 ice beasts
  An ogre (D:6)
  4 bullfrogs
  A water moccasin zombie (D:3)
  3 crimson imps
  A howler monkey (D:4)
  4 orc wizards
  A bullfrog zombie (D:5)
  2 hounds
  2 jellies
  3 bullfrog skeletons
  3 orc priests
  Jessica (D:2)
  6 worker ants
  A hound skeleton (D:4)
  3 gnolls (D:6)
  9 adders
  3 oozes
  2 adder skeletons
  6 worms
  6 leopard geckos
  14 orcs
  2 ball pythons
  4 giant cockroaches
  4 goblins (D:1)
  4 hobgoblins (D:1)
  3 jackals (D:1)
  3 quokkas
  A ball python zombie (D:5)
  6 bats
  A frilled lizard (D:1)
  5 kobolds
  A leopard gecko skeleton (D:7)
  A quokka skeleton (D:5)
  2 rats
116 creatures vanquished.

Notes
Turn   | Place    | Note
-------+----------+-------------------------------------------
     0 | D:1      | Da5id the Minotaur Fighter began the quest for the Orb.
     0 | D:1      | Reached XP level 1. HP: 19/19 MP: 0/0
   101 | D:1      | Reached skill level 3 in Axes
   405 | D:1      | Reached XP level 2. HP: 20/26 MP: 1/1
   685 | D:1      | Found a shattered altar of Ashenzari.
   834 | D:1      | Reached skill level 4 in Axes
   854 | D:1      | Reached XP level 3. HP: 31/31 MP: 2/2
  1239 | D:2      | Noticed Jessica
  1252 | D:2      | Killed Jessica
  1252 | D:2      | Reached skill level 5 in Axes
  1584 | D:2      | Found a burning altar of Makhleb.
  1639 | D:2      | Became a worshipper of Makhleb the Destroyer
  1649 | D:2      | Reached XP level 4. HP: 33/39 MP: 3/3
  1994 | D:2      | Reached skill level 6 in Axes
  2092 | D:2      | Found a glowing golden altar of the Shining One.
  2598 | D:3      | Found a sacrificial altar of Ru.
  2603 | D:3      | Reached XP level 5. HP: 45/45 MP: 4/4
  2742 | D:3      | Found a shimmering altar of Xom.
  2932 | D:3      | Reached skill level 7 in Axes
  3573 | D:4      | Reached XP level 6. HP: 47/52 MP: 5/5
  3679 | D:4      | Reached skill level 1 in Throwing
  4202 | D:4      | Found a staircase to the Ecumenical Temple.
  4423 | D:4      | Reached XP level 7. HP: 58/60 MP: 6/6
  4517 | D:5      | Entered Level 5 of the Dungeon
  4899 | D:5      | Reached skill level 8 in Axes
  4899 | D:5      | Reached * piety under Makhleb
  4943 | D:5      | Reached skill level 5 in Armour
  4989 | D:5      | Reached skill level 5 in Fighting
  5367 | D:6      | Reached XP level 8. HP: 69/69 MP: 7/7
  5399 | D:6      | Found an iron altar of Okawaru.
  5904 | D:6      | Reached skill level 9 in Axes
  7128 | D:7      | Noticed a white ugly thing
  7145 | D:7      | Mangled by a white ugly thing

Vault maps used:
D:1:      wheals_arrival_shading, minmay_misc_feat_cross,
          nicolae_ashenzari_panopticon
D:2:      makhleb_grotto_becter, tso_metal_star, uniq_jessica
D:3:      marbit_many_paths, lemuel_crystal_altar, first_bread, serial_undead,
          serial_undead_e, serial_undead_f, serial_undead_e, serial_undead_b
D:6:      basic_altar, grunt_ministairs_6, minivault_5
D:7:      hangedman_cross_stitches, grunt_ogre_cave, uniq_joseph

Skill      XL: |  1  2  3  4  5  6  7  8 |
---------------+-------------------------+-----
Axes           | 3 4 5 6 7 8 9 |  9.4
Throwing       | 2 3 4 |  4.4
Armour         | 4 5 6 |  6.7
Fighting       | 4 5 6 |  6.5
Shields        | |  3.6

Action                   |  1- 3 |  4- 6 |  7- 9 || total
-------------------------+-------+-------+-------++-------
Melee: War axe           |   129 |   131 |   200 ||   460
       Headbutt          |    11 |    22 |    33 ||    66
  Use: Scroll            |       |     3 |       ||     3
       Potion            |       |       |     1 ||     1
  Eat: Chunk             |     2 |     4 |    19 ||    25
       Meat ration       |       |     1 |       ||     1
Armor: Scale mail        |    19 |       |       ||    19
       Plate armour      |    53 |    72 |   101 ||   226
Dodge: Dodged            |    18 |    15 |    28 ||    61
Block: Shield            |    57 |    47 |    85 ||   189
